 Dungeon Crawl Stone Soup version 0.29-a0-222-g5b244fca1f (webtiles) character file.

Game seed: 5082611313072539455

47 tilp the Chiller (level 3, 14/14 HPs)
             Began as a Felid Ice Elementalist on Feb 27, 2022.
             Quit the game on level 2 of the Dungeon.
             The game lasted 00:05:20 (3721 turns).

tilp the Chiller (Felid Ice Elementalist)           Turns: 3721, Time: 00:05:21

Health: 14/14      AC:  1    Str:  4    XL:     3   Next: 48%
Magic:  8/8        EV: 17    Int: 18    God:
Gold:   124        SH:  0    Dex: 16    Spells: 0/7 levels left
                                        Lives:  0   Deaths: 1

rFire   . . .      SeeInvis +   (weapon unavailable)
rCold   . . .      Faith    .   (shield unavailable)
rNeg    . . .      Spirit   .   (body armour unavailable)
rPois   +          Reflect  .   (helmet unavailable)
rElec   .          Harm     .   (cloak unavailable)
rCorr   .          Rampage  .   (gloves unavailable)
Will    .....                   (boots unavailable)
Stlth   ++........              (no amulet)
HPRegen 0.04/turn               c - ring of poison resistance
MPRegen 0.11/turn               (no ring)

@: quick
A: very small, claws 1, fangs 3, see invisible, speed 1, shaggy fur 1, stealthy
paws, no weapons or thrown items, no armour, multi-lived
a: no special abilities


You were on level 2 of the Dungeon.
You visited 1 branch of the dungeon, and saw 3 of its levels.

You collected 124 gold pieces.

Inventory:

Jewellery
 c - a ring of poison resistance (left paw)
Potions
 e - a potion of berserk rage {unknown}


   Skills:
 - Level 2.6 Dodging
 - Level 2.6 Stealth
 + Level 2.9 Spellcasting
 * Level 4.9 Ice Magic


You couldn't memorise any spells.
You knew the following spells:

 Your Spells              Type           Power      Damage    Failure   Level
a - Freeze                Ice            80%        1d9       2%          1
b - Frozen Ramparts       Ice            40%        1d6       6%          3
c - Ozocubu's Armour      Ice            20%        N/A       6%          3

Your spell library contained the following spells:

 Spells                   Type           Power      Damage    Failure   Level
 Hailstorm                Conj/Ice       11%        3d5       52%         4


Dungeon Overview and Level Annotations

Branches:
Dungeon (3/15)

Altars:

Annotations:
D:2 1 runed translucent door, Crazy Yiuf, Sigmund
D:3 Grinder


Innate Abilities, Weirdness & Mutations

You have sharp claws.
You have razor-sharp teeth.
You have supernaturally acute eyesight. (SInv)
You cover ground quickly. (Speed+)
You are covered in fur. (AC +1)
Your paws help you pounce on unaware monsters.
You are incapable of wielding weapons or throwing items.
You cannot wear armour.
You gain extra lives every three experience levels.


Message History

Unknown command.
Unknown command.
You feel much better.
Unknown command.
The wall freezes Sigmund.
Sigmund closely misses you.
The wall freezes Sigmund.
Sigmund hits you but does no damage.
The wall freezes Sigmund.
Sigmund hits you from afar with a +0 scythe!
The wall freezes Sigmund.
Sigmund closely misses you.
The wall freezes Sigmund.
Sigmund closely misses you.
The wall freezes Sigmund.
Sigmund is suddenly surrounded by pale green light.
Sigmund hits you but does no damage.
Unknown command.
The frozen ramparts melt away.
Unknown command.
Sigmund gestures at you while chanting. The magic dart hits you.
* * * LOW HITPOINT WARNING * * *
Unknown command.
Unknown command.
Sigmund barely misses you.
Sigmund hits you from afar with a +0 scythe.
* * * LOW HITPOINT WARNING * * *
Unknown command.
Your icy armour will break if you move.
Continue?
Your icy armour cracks and falls away as you move.
Sigmund casts a spell at you.
You are confused.
You bump into the rock wall.
You bump into the rock wall.
You bump into the rock wall.
Sigmund barely misses you.
You bump into the rock wall.
You bump into the rock wall.
Sigmund hits you from afar with a +0 scythe!
Ouch! That really hurt!
You die...
You are now level 3!
You rejoin the land of the living...
Are you sure you want to abandon this character and quit the game? (Confirm with "yes".)

### ##.#..#.# #.###.#.######
+.####.......#######.###.#.......
##..#........##.............#####
###.#..#.##.##.####.###.##.##
#######...##.####.# #.#...####
#...........###.........
#######.###..............
#.....#.###.####.........
#>#.....@....(...#...####
#.#...#.###.####.##.## #.#####.#
#.# #.##.##### #########.###...#
#.# #.##...... ..............###
#.# #.########
######.##.###.#####.####.#
#.##.###............#
#.##.##...####.###..#
#.##.#.....###.# #..#


There were no monsters in sight!

Vanquished Creatures
  Terence (D:2)
  2 adders (D:2)
  A worm (D:2)
  3 dart slugs
  7 ball pythons
  5 endoplasms
  3 giant cockroaches
  6 goblins
  6 hobgoblins
  7 jackals (D:1)
  A quokka (D:1)
  A bat (D:1)
  4 frilled lizards
  A rat (D:1)
48 creatures vanquished.

Notes
Turn   | Place    | Note
-------+----------+-------------------------------------------
     0 | D:1      | tilp the Felid Ice Elementalist began the quest for the
                  | Orb.
     0 | D:1      | Reached XP level 1. HP: 7/7 MP: 4/4
   236 | D:1      | Reached XP level 2. HP: 10/11 MP: 0/6
   337 | D:1      | Reached skill level 4 in Ice Magic
  1193 | D:1      | Reached XP level 3. HP: 14/14 MP: 7/7
  1201 | D:1      | Learned a level 3 spell: Frozen Ramparts
  1741 | D:1      | Learned a level 3 spell: Ozocubu's Armour
  1949 | D:2      | Noticed Sigmund
  1989 | D:2      | Noticed Terence
  1995 | D:2      | Killed Terence
  2250 | D:2      | Reached XP level 4. HP: 18/18 MP: 7/9
  3149 | D:2      | Found a runed translucent door.
  3150 | D:2      | Noticed Crazy Yiuf
  3464 | D:3      | Noticed Grinder
  3720 | D:2      | Mangled by Sigmund
  3721 | D:2      | Reached XP level 3. HP: -9/14 MP: 2/8
  3721 | D:2      | Quit the game

Illustrated notes

Levels and vault maps discovered:
D:1:      minmay_arrival_four_houses, layout_basic, hangedman_decor_push
D:2:      layout_loops_ring, minmay_splitting_lines, uniq_crazy_yiuf_cottage,
          uniq_sigmund, uniq_terence
D:3:      layout_basic, ebering_ecumenical_altar_webs, item_on_display_a,
          uniq_grinder

Skill      XL: |  1  2 |
---------------+-------+-----
Ice Magic      | 4 |  4.9
Dodging        | |  2.6
Stealth        | |  2.6
Spellcasting   | |  2.9

Action                   |  1- 3 |  4- 6 || total
-------------------------+-------+-------++-------
Melee: Unarmed           |    20 |     1 ||    21
       Bite              |       |     1 ||     1
 Cast: Freeze            |    43 |    23 ||    66
       Frozen Ramparts   |     1 |     5 ||     6
       Ozocubu's Armour  |     1 |     2 ||     3
  Use: Scroll            |     3 |     4 ||     7
       Potion            |       |     4 ||     4
 Stab: Sleeping          |     9 |       ||     9
Armor: Skin              |     2 |     2 ||     4
Dodge: Dodged            |    39 |    25 ||    64

Table legend: (Time is in decaauts)
 A = Elapsed time spent in this place.
 B = Non-inter-level travel time spent in this place.
 C = Inter-level travel time spent in this place.
 D = Time resting spent in this place.
 E = Time spent auto-exploring this place.
 F = Levels seen in this place.
 G = Mean time per level.
                   A        B        C        D        E       F      G
               +--------+--------+--------+--------+--------+-----+--------+
         Total |   3340 |   3088 |    252 |   1006 |   1611 |   3 | 1113.3 |
       Dungeon |   3340 |   3088 |    252 |   1006 |   1611 |   3 | 1113.3 |
               +--------+--------+--------+--------+--------+-----+--------+

Top non-repeatable levels by time:
     D:1: 1972 daAuts
     D:2: 1366 daAuts
     D:3: 1 daAuts
